Map: Dusk Towers

Players

Miszu

  • Race: Terran Terran
  • League: Master

CookieJar - Winner!

  • Race: Zerg Zerg
  • League: Master

VOD

Have the link to the VOD?

Description

Time

  • Played on: March 13, 2016, 8:42 a.m.
  • Length: 8:09
Show
View Real Time Build Order
Export as new Build Order

Miszu Terran 

Build Orders: Liberator Opening, Reaper Expand, MMM Bio 

Get SALT Encoding   

  12  0:01  SCV  
  13  0:13  SCV  
  14  0:19  Supply Depot  
  14  0:25  SCV  
  15  0:41  Barracks, SCV  
  16  0:45  Refinery  
  16  0:53  SCV  
  17  1:05  SCV  
  18  1:20  SCV  
  19  1:30  Reaper  
  20  1:32  Orbital Command  
  20  1:40  Command Center  
  20  1:57  Supply Depot  
  20  1:58  SCV  
  21  2:02  Barracks Reactor  
  21  2:05  Refinery  
  21  2:10  SCV  
  22  2:22  SCV  
  23  2:34  SCV  
  24  2:39  Marine x2  
  24  2:40  Factory  
  26  2:46  SCV  
  27  2:53  Orbital Command  
  27  2:56  Marine  
  27  2:57  Marine  
  29  2:58  SCV  
  30  3:10  SCV  
  31  3:19  Marine x2  
  33  3:20  SCV  
  33  3:23  SCV  
  35  3:32  Starport, SCV, Factory Tech Lab  
  35  3:35  SCV  
  35  3:39  Command Center  
  36  3:44  Refinery, SCV  
  36  3:46  Refinery  
  36  3:47  SCV  
  38  3:49  Marine x2  
  38  3:54  Supply Depot  
  40  3:56  SCV  
  40  3:58  Liberator, Factory Tech Lab  
  40  3:59  SCV  
  42  4:08  SCV  
  43  4:11  SCV  
  43  4:12  Fusion Core  
  47  4:20  SCV  
  47  4:22  Siege Tank  
  47  4:23  SCV  
  52  4:30  Supply Depot  
  52  4:32  SCV  
  54  4:39  SCV  
  54  4:41  Liberator  
  54  4:43  Barracks  
  54  4:44  Barracks  
  54  4:45  Supply Depot  
  54  4:51  SCV x2  
  60  5:01  Orbital Command  
  60  5:03  SCV x2  
  62  5:07  Advanced Ballistics  
  61  5:14  Supply Depot  
  61  5:15  SCV x2  
  61  5:21  Engineering Bay  
  63  5:22  Engineering Bay  
  63  5:24  Orbital Command  
  63  5:26  Siege Tank  
  63  5:28  SCV  
  68  5:33  SCV  
  68  5:34  Barracks Tech Lab  
  68  5:35  Barracks Tech Lab  
  68  5:40  SCV  
  68  5:42  Barracks  
  69  5:44  Barracks, Liberator  
  69  5:45  SCV  
  69  5:46  Supply Depot  
  70  5:51  SCV  
  70  5:52  SCV  
  72  5:57  SCV  
  72  6:00  Stimpack, Combat Shields  
  72  6:03  SCV  
  79  6:04  SCV  
  79  6:09  SCV  
  82  6:12  Terran Infantry Weapons Level 1, Terran Infantry Armor Level 1  
  82  6:13  Supply Depot  
  82  6:15  SCV  
  82  6:16  SCV  
  81  6:21  SCV  
  81  6:22  Supply Depot  
  81  6:23  Armory  
  81  6:24  Marine x2  
  84  6:27  SCV  
  84  6:28  SCV  
  84  6:29  Siege Tank  
  84  6:30  Barracks Reactor  
  84  6:31  Barracks Reactor  
  89  6:33  SCV  
  89  6:34  Armory  
  89  6:38  Marine x2  
  89  6:39  SCV  
  93  6:45  SCV  
  93  6:46  Marine x2  
  96  6:48  Supply Depot  
  96  6:50  Supply Depot  
  96  6:51  SCV x2  
  98  6:54  Refinery  
  98  6:56  Marine  
  98  6:57  SCV  
  98  6:59  Refinery  
  98  7:00  Marauder  
  102  7:02  Starport Reactor  
  102  7:03  SCV x2  
  102  7:08  Marine x3  
  104  7:09  Marine x3  
  104  7:14  Marauder  
  115  7:15  Siege Tank  
  115  7:21  Marauder  
  117  7:26  Marine x3  
  117  7:28  Factory  
  120  7:30  Supply Depot  
  120  7:34  Marine  
  120  7:35  Marine x2  
  120  7:36  Marauder  
  125  7:42  Marauder  
  125  7:44  Marine x3  
Show
View Real Time Build Order
Export as new Build Order

CookieJar Zerg - Winner!

Build Orders: Hatch First 

Get SALT Encoding   

  12  0:00  Drone  
  13  0:12  Overlord  
  13  0:18  Drone  
  14  0:31  Drone x2  
  14  0:34  Drone  
  17  0:52  Hatchery  
  17  0:54  Drone  
  17  0:58  Drone  
  18  1:07  Extractor  
  17  1:13  Spawning Pool  
  17  1:15  Drone  
  17  1:19  Drone  
  18  1:29  Drone  
  19  1:39  Overlord  
  19  1:49  Drone  
  20  1:59  Queen  
  20  2:00  Zergling x2  
  23  2:04  Queen  
  23  2:05  Zergling x2  
  26  2:09  Metabolic Boost  
  26  2:12  Drone  
  27  2:16  Zergling x2  
  27  2:21  Drone  
  29  2:26  Drone  
  30  2:34  Drone  
  30  2:35  Queen  
  33  2:39  Drone  
  33  2:43  Overlord  
  34  2:48  Drone  
  35  2:54  Drone  
  36  3:04  Drone x2  
  38  3:14  Drone x5, Hatchery  
  38  3:15  Drone  
  38  3:19  Drone  
  44  3:34  Overlord x3  
  44  3:35  Extractor  
  44  3:40  Baneling Nest  
  42  3:49  Overlord  
  42  3:51  Drone x2  
  42  3:55  Drone x4  
  48  3:59  Zergling x2  
  49  4:12  Hatchery  
  49  4:13  Drone x2  
  50  4:20  Zergling x2  
  50  4:21  Zergling x10  
  56  4:26  Zergling x4  
  58  4:32  Zergling x2  
  59  4:39  Zergling x4  
  59  4:44  Zergling x2  
  61  4:50  Roach Warren  
  61  4:51  Drone  
  61  4:52  Drone x7  
  67  5:01  Lair  
  67  5:04  Drone x2, Evolution Chamber  
  67  5:05  Drone  
  67  5:06  Evolution Chamber  
  69  5:09  Drone x2  
  71  5:16  Drone  
  72  5:22  Drone x2  
  72  5:23  Drone x5  
  79  5:32  Zerg Melee Weapons Level 1, Zerg Ground Armor Level 1  
  79  5:36  Hatchery  
  77  5:43  Spore Crawler  
  77  5:47  Spore Crawler  
  74  5:56  Drone  
  75  5:57  Spore Crawler  
  75  6:02  Zergling x10  
  75  6:03  Zergling x16, Centrifical Hooks  
  87  6:09  Overlord x3  
  87  6:10  Overlord  
  87  6:14  Overseer  
  87  6:27  Overlord x2  
  87  6:29  Drone  
  87  6:30  Zergling x8  
  87  6:31  Zergling x18  
  101  6:34  Zergling x2  
  101  6:35  Zergling x4  
  104  6:43  Zergling x6  
  103  6:55  Spire  
  103  6:57  Baneling x13  
  103  6:58  Zergling x2  
  103  6:59  Zergling x8  
  106  7:03  Spore Crawler  
  105  7:11  Zergling x4  
  105  7:12  Zergling x4  
  109  7:19  Zergling x8  
  105  7:44  Zergling x18  
Tags
 
Add a new tag
Caveats
  • Supply blocks, unpowered buildings, or Contaminate may cause inaccurate times.
  • Supply counts are checked every 10 seconds.